 Dungeon Crawl Stone Soup version 0.31-a0-366-ga77b45bd9b (webtiles) character file.

Game seed: 4001719296562378109

914 AdnanSaban the Cudgeller (level 8, -7/48 HPs)
             Began as a Gargoyle Fighter on July 28, 2023.
             Splashed by a jelly's acid (8 damage)
             ... on level 5 of the Dungeon.
             The game lasted 00:04:50 (4356 turns).

AdnanSaban the Cudgeller (Gargoyle Fighter)         Turns: 4356, Time: 00:04:52

Health: -7/48      AC: -1    Str: 23    XL:     8   Next: 9%
Magic:  8/8        EV:  9    Int:  8    God:
Gold:   228        SH:  8    Dex:  9    Spells: 7/7 levels left

rFire   + . .        a - +0 flail
rCold   + . .        o - +0 kite shield
rNeg    + . .        b - +0 scale mail
rPois   ∞            (no helmet)
rElec   +            v - scarf {rC+ rF+}
rCorr   .            (no gloves)
SInv    .            i - +0 pair of boots
Will    .....        (no amulet) Stlth
                     l - +4 ring of protection
HPRegen 0.28/turn    (no ring)
MPRegen 0.11/turn

%: no passive effects
@: corroded
A: sickness immunity, AC +5, negative energy resistance 1, electricity
resistance, torment resistance 1, petrification resistance
a: no special abilities


You were on level 5 of the Dungeon.
You visited 1 branch of the dungeon, and saw 6 of its levels.

You collected 228 gold pieces.

Inventory:

Hand Weapons
 a - a +0 flail (weapon)
Missiles
 c - 4 atropa-tipped darts
 n - 6 poisoned darts
 s - 7 boomerangs (quivered)
Armour
 b - a +0 scale mail (worn)
 i - a +0 pair of boots (worn)
 o - a +0 kite shield (worn)
 v - a scarf of resistance (worn)
Jewellery
 l - a +4 ring of protection (left hand)
Scrolls
 h - 4 scrolls of amnesia {unknown}
 j - 2 scrolls of identify {unknown}
 m - a scroll of silence {unknown}
 q - a scroll of enchant armour {unknown}
 r - a scroll of fear {unknown}
 w - a scroll of enchant weapon {unknown}
Potions
 d - a potion of might
 e - 3 potions of heal wounds {unknown}
 f - a potion of brilliance {unknown}
 g - a potion of cancellation {unknown}
 k - 4 potions of haste {unknown}
 p - 5 potions of curing {unknown}
 t - 2 potions of attraction {unknown}
 u - 2 potions of degeneration {unknown}


   Skills:
 + Level 4.8 Fighting
 + Level 5.7 Maces & Flails
 + Level 0.3 Throwing
 + Level 5.2 Armour
 + Level 2.1 Dodging
 + Level 5.5 Shields


You had 7 spell levels left.
You didn't know any spells.
Your spell library contained the following spells:

 Spells                   Type           Power      Damage    Failure   Level
 Foxfire                  Conj/Fire      0%         2x1d4     91%         1
 Wereblood                Tmut           0%         N/A       97%         2
 Irradiate                Conj/Tmut      0%         3d11      100%        5
 Plasma Beam              Fire/Air       0%         2x1d10    100%        6
 Starburst                Conj/Fire      0%         6d3       100%        6


Dungeon Overview and Level Annotations

Branches:
Dungeon (6/15)
 Temple: D:4-7

Altars:

Annotations:
D:5 1 runed translucent door, paps's ghost, novice MfSh


Innate Abilities, Weirdness & Mutations

You are immune to sickness and miasma.
Your stone body is resilient. (AC +5)
You are immune to poison.
You resist negative energy. (rN+)
You are resistant to electric shocks. (rElec)
You are resistant to unholy torment.
You are immune to petrification.


Message History

The jelly hits you.
You are splashed with acid!
The orc hits you but does no damage.
You are too injured to fight recklessly!
You are too injured to fight recklessly!
You are too injured to fight recklessly!
You are too injured to fight recklessly!
You are too injured to fight recklessly!
You are too injured to fight recklessly!
You are too injured to fight recklessly!
You are too injured to fight recklessly!
You are too injured to fight recklessly!
You are too injured to fight recklessly!
You are too injured to fight recklessly!
You are too injured to fight recklessly!
You are too injured to fight recklessly!
You are too injured to fight recklessly!
You are too injured to fight recklessly!
You are too injured to fight recklessly!
Unknown command.
The orc attacks as you move away! You block the orc's attack.
The jelly attacks as you move away! The jelly closely misses you.
The jelly attacks as you move away! The jelly barely misses you.
The jelly attacks as you move away! The jelly hits you. The acid corrodes you!
You are splashed with acid.
There is a stone staircase leading up here.
The jelly hits you.
* * * LOW HITPOINT WARNING * * *
The acid corrodes you!
You are splashed with acid!
* * * LOW HITPOINT WARNING * * *
You climb upwards.
Level annotation: 1 runed translucent door, paps's ghost, novice MfSh
There is a stone staircase leading down here.
You are too injured to fight recklessly!
You hit the jelly but do no damage. The acid corrodes you!
Your hands burn!
* * * LOW HITPOINT WARNING * * *
The jelly is severely wounded.
The jelly hits you.
* * * LOW HITPOINT WARNING * * *
You are splashed with acid!
You die...

.+.......'....+...'..^#.# #.#...
##.......#.####...###.#.# #.'...
.........#.# #...# #.#.# #.#...
##########.####...# #.#.# ###...
..................# #.#.# #...
#######.....#.##'####.#.######...
#.+.....'..#.................
#.#.....#..#.J..#.#########.#
#.#..>..#..#@##.#.# #.#
#.#.))..#..#.##.######## #.#
#.#.....#..#.#.........# #.#
#####.#.....#..#.#..######.# #.#
......#.<...#..#.#..# #.# #.#
...........##..#.#..# #.# #.#
...[...........#.#..######.# #.#
.........#.##.##.........#.# #.#
....######.##.###...####.#.# #.#


You could see a jelly.

Vanquished Creatures
  Sigmund (D:4)
  2 howler monkeys (D:4)
  4 hounds
  2 orc priests
  A gnoll bouda (D:4)
  2 sleepcaps
  5 orc wizards
  15 gnolls
  3 adders
  2 white imps (D:5)
  2 ufetubi (D:5)
  4 worms
  14 orcs
  3 endoplasms
  6 giant cockroaches
  11 goblins
  4 hobgoblins
  4 quokkas
  9 ball pythons
  7 bats
  2 frilled lizards
  6 kobolds
  4 rats
113 creatures vanquished.

Notes
Turn   | Place    | Note
-------+----------+-------------------------------------------
     0 | D:1      | AdnanSaban the Gargoyle Fighter began the quest for the
                  | Orb.
     0 | D:1      | Reached XP level 1. HP: 14/14 MP: 1/1
   128 | D:1      | Reached XP level 2. HP: 19/19 MP: 2/2
   276 | D:1      | Reached XP level 3. HP: 21/23 MP: 3/3
   763 | D:2      | Reached XP level 4. HP: 29/29 MP: 4/4
   775 | D:2      | Reached skill level 1 in Dodging
   832 | D:2      | Found a faded altar of an unknown god.
  1179 | D:3      | Reached XP level 5. HP: 30/33 MP: 5/5
  1934 | D:4      | Noticed Sigmund
  1953 | D:4      | Killed Sigmund
  1954 | D:4      | Reached XP level 6. HP: 25/38 MP: 6/6
  2682 | D:4      | Reached XP level 7. HP: 40/43 MP: 7/7
  2758 | D:5      | Entered Level 5 of the Dungeon
  2931 | D:5      | Reached skill level 5 in Maces & Flails
  2936 | D:5      | Reached skill level 5 in Shields
  2986 | D:5      | Found a runed translucent door.
  3102 | D:5      | Noticed paps's ghost (novice MfSh)
  3599 | D:5      | Reached skill level 5 in Armour
  4184 | D:5      | Reached XP level 8. HP: 48/48 MP: 8/8
  4356 | D:5      | HP: 1/48 [jelly (3)]
  4356 | D:5      | Splashed by a jelly's acid

Illustrated notes

Levels and vault maps discovered:
D:1:      dpeg_arrival_tiny_a, layout_rooms
D:2:      layout_rooms, ebering_ecumenical_altar_petrified, moated_statue,
          kennysheep_generic_room_4
D:3:      layout_rooms
D:4:      layout_cave_pods, uniq_sigmund
D:5:      layout_basic, gammafunk_ghost_grave
D:6:      layout_cave_pools, nemelex_xobeh_ov_fountains_minmay,
          minmay_temple_entry_purple_smoke

Skill      XL: |  1  2  3  4  5  6  7 |
---------------+----------------------+-----
Dodging        | 1 2 |  2.1
Maces & Flails | 3 4 5 |  5.7
Armour         | 4 5 |  5.2
Fighting       | 4 |  4.8
Shields        | 4 5 |  5.5
Throwing       | |  0.3

Action                     |  1- 3 |  4- 6 |  7- 9 || total
---------------------------+-------+-------+-------++-------
  Melee: Flail             |   114 |   229 |   215 ||   558
  Throw: Boomerang         |       |     5 |       ||     5
 Armour: Scale mail        |    80 |   153 |   161 ||   394
  Dodge: Dodged            |    69 |   116 |    93 ||   278
  Block: Buckler           |    26 |    14 |       ||    40
         Kite shield       |       |   101 |   141 ||   242

Table legend: (Time is in decaauts)
 A = Elapsed time spent in this place.
 B = Non-inter-level travel time spent in this place.
 C = Inter-level travel time spent in this place.
 D = Time resting spent in this place.
 E = Time spent auto-exploring this place.
 F = Levels seen in this place.
 G = Mean time per level.
                   A        B        C        D        E       F      G
               +--------+--------+--------+--------+--------+-----+--------+
         Total |   4534 |   4378 |    156 |    312 |   2834 |   6 |  755.7 |
       Dungeon |   4534 |   4378 |    156 |    312 |   2834 |   6 |  755.7 |
               +--------+--------+--------+--------+--------+-----+--------+

Top non-repeatable levels by time:
     D:5: 1299 daAuts
     D:4: 1225 daAuts
     D:3: 721 daAuts
     D:2: 673 daAuts
     D:1: 551 daAuts
     D:6: 63 daAuts
